 Dungeon Sprint DCSS version 0.20-a0-556-g892c87b (webtiles) character file.

1194 Kidiri the Thaumaturge (level 8, -3/48 HPs)
             Began as a Deep Elf Fire Elementalist on Feb 4, 2017.
             Was an Initiate of Vehumet.
             Killed by an exploding ballistomycete spore (30 damage)
             ... in the Dungeon (Sprint I: "Red Sonja").
             The game lasted 00:02:14 (696 turns).

Kidiri the Thaumaturge (Deep Elf Fire Elementalist)  Turns: 696, Time: 00:02:15

Health: -3/48      AC:  3    Str:  5    XL:     8   Next: 20%
Magic:  27/27      EV: 17    Int: 23    God:    Vehumet [......]
Gold:   258        SH:  0    Dex: 15    Spells: 16/34 levels left

rFire    . . .     SeeInvis .   (no weapon)
rCold    . . .     Gourm    .   (no armour)
rNeg     . . .     Faith    .   (no shield)
rPois    .         Spirit   .   (no helmet)
rElec    .         Reflect  .   k - +2 cloak {MR+}
rCorr    .         Harm     .   (no gloves)
MR       +....     NoTele   +   (no boots)
Stlth    +.........             (no amulet)
Regen    0.2/turn               (no ring)
                                (no ring)

@: confused
A: no striking features
a: Renounce Religion


You were in the Dungeon.
You worshipped Vehumet.
Vehumet was noncommittal.
You were not hungry.

You visited 1 branch You collected 520 gold pieces.
You spent 262 gold pieces at shops.

Inventory:

Armour
 k - a +2 cloak of magic resistance (worn)
Scrolls
 i - a scroll of blinking
Potions
 d - a potion of curing
 e - 4 potions of heal wounds
 f - 2 potions of haste
 g - 2 potions of magic
 h - a potion of berserk rage
Books
 b - a book of Flames

   Spells                             Type                      Level
   a - Flame Tongue                   Conjuration/Fire             1
   b - Throw Flame                    Conjuration/Fire             2
   c - Conjure Flame                  Conjuration/Fire             3
   d - Inner Flame                    Hexes/Fire                   3
   e - Sticky Flame                   Conjuration/Fire             4
   f - Fireball                       Conjuration/Fire             5
Comestibles
 c - a bread ration
 j - 5 chunks of flesh


   Skills:
 + Level 4.8 Fighting
 + Level 4.8 Armour
 + Level 7.5 Dodging
 - Level 2.4 Stealth
 * Level 13.5 Spellcasting
 + Level 8.2 Conjurations
 + Level 8.9 Fire Magic


You had 16 spell levels left.
You knew the following spells:

 Your Spells              Type           Power        Failure   Level  Hunger
a - Flame Tongue          Conj/Fire      #####        1%          1    None
b - Throw Flame           Conj/Fire      ######       1%          2    None
c - Conjure Flame         Conj/Fire      ######..     1%          3    None
d - Inner Flame           Hex/Fire       #####...     1%          3    None
e - Sticky Flame          Conj/Fire      ######..     1%          4    None
f - Fireball              Conj/Fire      ######....   4%          5    ###....


Dungeon Overview and Level Annotations

Branches:
Dungeon (1/1)

Altars:
Cheibriados
Dithmenos
Elyvilon
Fedhas
Gozag
Hepliaklqana
Kikubaaqudgha
Makhleb
Nemelex Xobeh
Okawaru
Qazlal
Ru
Sif Muna
Trog
Uskayaw
Vehumet
Xom
Yredelemnul
Zin
The Shining One
Jiyva
Lugonu

Shops:
D [


Message History

an uncursed blowgun; an uncursed dagger of distortion; 5 curare-tipped needles There isn't anything to butcher here.
You now have 177 gold pieces (gained 27).
You now have 204 gold pieces (gained 27).
You now have 231 gold pieces (gained 27).
You now have 258 gold pieces (gained 27).
Things that are here:
an uncursed blowgun; an uncursed dagger of distortion; 5 curare-tipped needles You open the door. 2 ballistomycete spores come into view.
The ballistomycete spore waves its rhizomes.
The ballistomycete spore explodes!
The explosion of spores engulfs you!
You are confused.
The explosion of spores engulfs the ballistomycete spore.
The ballistomycete spore explodes!
A fungus suddenly grows.
The explosion of spores engulfs you!
You are more confused.
Ouch! That really hurt!
You die...

#.)#__####..##.#
#..#_____##+#..+
#⌠⌠#_.∩...+(.._#
####_..__##_.#+#
#_____###'#.#
#########.###
+...+ #.).#
##@## #'#


!P! $?%$$ ####### There were no monsters in sight!

Vanquished Creatures
  Sonja (D)
  A slime creature (D)
  Sigmund (D)
  A yak (D)
  An ogre (D)
  A jelly (D)
  Ijyb (D)
7 creatures vanquished.

Notes
Turn   | Place    | Note
-------+----------+-------------------------------------------
     0 | D        | Kidiri the Deep Elf Fire Elementalist began the quest for the Orb.
     0 | D        | Reached XP level 1. HP: 10/10 MP: 6/6
     2 | D        | Noticed Ijyb
    11 | D        | Killed Ijyb
    11 | D        | Reached skill level 6 in Spellcasting
    11 | D        | Reached XP level 2. HP: 9/15 MP: 4/11
    15 | D        | Learned a level 2 spell: Throw Flame
   123 | D        | Noticed an ogre
   134 | D        | Killed an ogre
   134 | D        | Reached skill level 8 in Spellcasting
   134 | D        | Reached skill level 5 in Fire Magic
   134 | D        | Reached XP level 3. HP: 19/19 MP: 8/15
   134 | D        | Reached XP level 4. HP: 24/24 MP: 8/16
   139 | D        | Learned a level 3 spell: Conjure Flame
   143 | D        | Learned a level 3 spell: Inner Flame
   148 | D        | Learned a level 4 spell: Sticky Flame
   183 | D        | Noticed Sigmund
   190 | D        | Killed Sigmund
   190 | D        | Reached skill level 10 in Spellcasting
   190 | D        | Reached skill level 5 in Conjurations
   190 | D        | Reached XP level 5. HP: 12/31 MP: 11/20
   199 | D        | Learned a level 5 spell: Fireball
   379 | D        | Found a burning altar of Makhleb.
   379 | D        | Found a viscous altar of Jiyva.
   379 | D        | Found a shimmering altar of Xom.
   379 | D        | Found a corrupted altar of Lugonu.
   379 | D        | Noticed a slime creature
   384 | D        | Killed a slime creature
   384 | D        | Reached skill level 5 in Dodging
   384 | D        | Reached skill level 11 in Spellcasting
   384 | D        | Reached XP level 6. HP: 27/37 MP: 8/22
   489 | D        | Found a deep blue altar of Sif Muna.
   491 | D        | Found a radiant altar of Vehumet.
   516 | D        | Became a worshipper of Vehumet
   535 | D        | Found Sytiw's Antique Armour Emporium.
   535 | D        | Found an ancient bone altar of Kikubaaqudgha.
   535 | D        | Found a hazy altar of Hepliaklqana.
   535 | D        | Found a stormy altar of Qazlal.
   535 | D        | Found a hide-covered altar of Uskayaw.
   535 | D        | Found a blossoming altar of Fedhas.
   535 | D        | Found a bloodstained altar of Trog.
   535 | D        | Found an iron altar of Okawaru.
   535 | D        | Found a basalt altar of Yredelemnul.
   535 | D        | Found a glowing golden altar of the Shining One.
   535 | D        | Found a snail-covered altar of Cheibriados.
   535 | D        | Found a sacrificial altar of Ru.
   535 | D        | Found a glowing silver altar of Zin.
   535 | D        | Found a shadowy altar of Dithmenos.
   535 | D        | Found a white marble altar of Elyvilon.
   535 | D        | Noticed a yak
   538 | D        | Killed a yak
   538 | D        | Reached skill level 12 in Spellcasting
   538 | D        | Reached XP level 7. HP: 42/42 MP: 14/24
   588 | D        | Found an opulent altar of Gozag.
   591 | D        | Found a sparkling altar of Nemelex Xobeh.
   595 | D        | Bought a glowing cloak for 262 gold pieces
   613 | D        | Noticed Sonja
   615 | D        | Killed Sonja
   615 | D        | Reached skill level 13 in Spellcasting
   615 | D        | Reached XP level 8. HP: 48/48 MP: 14/27
   696 | D        | Killed by an exploding ballistomycete spore

Vault maps used:
D:        dungeon_sprint_1

Skill      XL: |  1  2  3  4  5  6  7 |
---------------+----------------------+-----
Spellcasting   | 6 8 10 11 12 13 | 13.5
Conjurations   | 3 4 5 6 7 8 |  8.2
Fire Magic     | 4 5 6 7 8 |  8.9
Fighting       | 2 3 4 |  4.8
Armour         | 2 3 4 |  4.8
Dodging        | 4 5 6 7 |  7.5
Stealth        | |  2.4

Action                   |  1- 3 |  4- 6 |  7- 9 || total
-------------------------+-------+-------+-------++-------
 Cast: Flame Tongue      |    11 |     9 |       ||    20
       Sticky Flame      |       |     3 |       ||     3
       Conjure Flame     |       |     3 |       ||     3
       Fireball          |       |       |     2 ||     2
  Use: Potion            |     1 |       |       ||     1
Armor: Robe              |     1 |       |       ||     1
Dodge: Dodged            |     6 |     3 |     1 ||    10
